 Dungeon Crawl Stone Soup version 0.21.1-1-g345015f (webtiles) character file.

1547 inc the Infuser (level 8, -2/81 HPs)
             Began as an Octopode Ice Elementalist on June 17, 2018.
             Slain by a six-headed hydra (4 damage)
             ... on level 7 of the Dungeon.
             The game lasted 00:13:34 (6392 turns).

inc the Infuser (Octopode Ice Elementalist)         Turns: 6392, Time: 00:13:35

Health: -2/81      AC: 36    Str: 12    XL:     8   Next: 87%
Magic:  2/11       EV:  2    Int: 24    God:
Gold:   307        SH:  0    Dex: 12    Spells: 7/11 levels left

rFire    . . .     SeeInvis .   q - +0 short sword (speed)
rCold    . . .     Gourm    .   (no shield)
rNeg     + + +     Faith    .   (helmet currently unavailable)
rPois    +         Spirit   .   (no amulet)
rElec    .         Reflect  .   e - +4 ring of strength
rCorr    .         Harm     .   o - +4 ring of protection
MR       .....     NoTele   +   (no ring)
Stlth    ++........             (no ring)
HPRegen  0.23/turn              (no ring)
MPRegen  0.12/turn              (no ring)
                                (no ring)
                                (no ring)

@: brilliant, icy armour, tree-form, slow
A: almost no armour, stealthy swim, (amphibious), 8 rings, (constrict 8)
a: no special abilities


You were on level 7 of the Dungeon.
You were not hungry.
You were a tree.
You visited 1 branch of the dungeon, and saw 7 of its levels.

You collected 307 gold pieces.

Inventory:

Hand Weapons
 l - a +0 short sword
 n - a +0 blowgun
 q - a +0 short sword of speed (weapon)
Missiles
 p - 11 poisoned needles
 w - 8 curare-tipped needles
Armour
 d - a +2 hat (melded)
Jewellery
 e - a +4 ring of strength (left branch)
 f - an uncursed ring of ice
 o - a +4 ring of protection (right branch)
Wands
 u - a wand of flame (19)
Scrolls
 c - 3 scrolls of amnesia {unknown}
 h - 3 scrolls of remove curse
 i - 6 scrolls of teleportation
 s - a scroll of random uselessness {unknown}
 v - a scroll of enchant armour {unknown}
 x - a scroll of enchant weapon {unknown}
 B - 2 scrolls of identify
Potions
 m - a potion of agility
 r - a potion of flight
 t - a potion of curing
Books
 a - a book of Frost

   Spells                             Type                      Level
   a - Freeze                         Ice                          1
   b - Throw Frost                    Conjuration/Ice              2
   c - Ozocubu's Armour               Charms/Ice                   3
   d - Throw Icicle                   Conjuration/Ice              4
   e - Summon Ice Beast               Ice/Summoning                4
 y - a book of Conjurations

   Spells                             Type                      Level
   a - Magic Dart                     Conjuration                  1
   b - Searing Ray                    Conjuration                  2
   c - Dazzling Spray                 Conjuration/Hexes            3
   d - Fulminant Prism                Conjuration/Hexes            4
   e - Force Lance                    Conjuration/Translocation    4
   f - Iskenderun's Mystic Blast      Conjuration                  4
 z - a book of Debilitation

   Spells                             Type                      Level
   a - Corona                         Hexes                        1
   b - Slow                           Hexes                        2
   c - Inner Flame                    Hexes/Fire                   3
   d - Portal Projectile              Hexes/Translocation          3
   e - Cause Fear                     Hexes                        4
   f - Leda's Liquefaction            Hexes/Earth                  4
Comestibles
 b - 7 rations


   Skills:
 - Level 3.7 Fighting
 - Level 2.0 Dodging
 - Level 2.6 Stealth
 - Level 2.0 Spellcasting
   Level 1.0 Conjurations
 + Level 9.9 Charms
 - Level 3.0 Ice Magic


You had 7 spell levels left.
You knew the following spells:

 Your Spells              Type           Power        Failure   Level  Hunger
a - Freeze                Ice            ####         1%          1    #......
b - Ozocubu's Armour      Chrm/Ice       #####...     1%          3    ###....


Dungeon Overview and Level Annotations

Branches:
Dungeon (7/15)
 Temple: D:4-7

Altars:
Dithmenos
Elyvilon
Fedhas
Makhleb
Qazlal
Uskayaw
Wu Jian
Yredelemnul
The Shining One

Annotations:
D:3 Grinder
D:6 Dowan, Duvessa
D:7 1 runed door


Innate Abilities, Weirdness & Mutations

You cannot wear most types of armour.
You are very stealthy in the water. (Stealth+)
((You are amphibious.))
You can wear up to eight rings at the same time.
((You can use your tentacles to constrict eight enemies at once.))
((Your skin changes colour to match your surroundings (Stealth+).))
((Your rubbery body absorbs attacks. (AC +1, EV +1)))


Message History

The six-headed hydra bites you but does no damage. x4
You hit the six-headed hydra.
The six-headed hydra is almost dead.
Unknown command.
You barely miss the six-headed hydra.
The six-headed hydra is almost dead.
The six-headed hydra bites you but does no damage. x3
The six-headed hydra bites you.
* * * LOW HITPOINT WARNING * * *
The six-headed hydra bites you!
* * * LOW HITPOINT WARNING * * *
The six-headed hydra bites you but does no damage.
You hit the six-headed hydra.
The six-headed hydra is almost dead.
Unknown command.
You barely miss the six-headed hydra.
The six-headed hydra is almost dead.
The six-headed hydra bites you but does no damage. x4
The six-headed hydra bites you.
You die...

........#.....##
.........#..##..##
.........#.#####.. ........#..#
##. .##. ........#.## ## ....#
#####........# .....
#...###...#.## .....##
#:.#D.#.....#
.......######♣.#....##
........##...#####..#
..............# ##.##
..........#...####..#
..........####..#...####
.........##).#÷.#......### ##.
.........##...###..##....###...
..........#####....####......#
..........###......# ###..###


You could see a six-headed hydra.

Vanquished Creatures
  Sigmund (D:6)
  A wraith (D:7)
  A hungry ghost (D:7)
  A yak (D:7)
  A sky beast (D:5)
  2 ice beasts (D:7)
  A centaur (D:3)
  A centaur zombie (D:6)
  2 hounds
  2 jellies (D:4)
  3 iguanas (D:7)
  A worker ant (D:4)
  Natasha (twice) (D:2)
  A worker ant zombie (D:7)
  8 gnolls (D:5)
  4 adders
  2 shadow imps
  8 oozes (D:4)
  A worm (D:4)
  An adder skeleton (D:5)
  5 dart slugs
  5 leopard geckos
  2 orcs
  5 bats
  A giant cockroach (D:5)
  6 goblins
  11 hobgoblins
  3 quokkas
  2 ball pythons
  4 frilled lizards
  11 kobolds
  A leopard gecko zombie (D:5)
  A quokka zombie (D:5)
  7 rats
  A fungus (D:7)
109 creatures vanquished.

Vanquished Creatures (others)
  A quokka (D:2)
  A fungus (D:4)
  6 toadstools (D:4)
8 creatures vanquished.

Grand Total: 117 creatures vanquished

Notes
Turn   | Place    | Note
-------+----------+-------------------------------------------
     0 | D:1      | inc the Octopode Ice Elementalist began the quest for the Orb.
     0 | D:1      | Reached XP level 1. HP: 11/11 MP: 3/3
    43 | D:1      | Reached skill level 1 in Fighting
   151 | D:1      | Reached XP level 2. HP: 10/18 MP: 1/5
   885 | D:2      | Reached XP level 3. HP: 20/25 MP: 2/6
  1020 | D:2      | Learned a level 3 spell: Ozocubu's Armour
  1322 | D:2      | Noticed Natasha
  1340 | D:2      | Killed Natasha
  1340 | D:2      | Reached XP level 4. HP: 33/33 MP: 4/7
  1402 | D:2      | Found a glowing golden altar of the Shining One.
  1404 | D:2      | Found a white marble altar of Elyvilon.
  1619 | D:2      | Noticed Natasha
  1628 | D:2      | Killed Natasha
  1628 | D:2      | Reached skill level 1 in Charms
  2083 | D:3      | Found a white marble altar of Elyvilon.
  2133 | D:3      | Noticed a centaur
  2140 | D:3      | Killed a centaur
  2140 | D:3      | Reached skill level 3 in Charms
  2140 | D:3      | Reached XP level 5. HP: 10/37 MP: 2/8
  2676 | D:3      | Noticed Grinder
  2680 | D:3      | Found a basalt altar of Yredelemnul.
  2855 | D:4      | Reached skill level 4 in Charms
  2855 | D:4      | Reached XP level 6. HP: 33/43 MP: 2/9
  3116 | D:4      | Found a burning altar of Makhleb.
  3168 | D:4      | Found a hide-covered altar of Uskayaw.
  3198 | D:4      | Found a burning altar of Makhleb.
  3814 | D:4      | Reached skill level 5 in Charms
  4030 | D:4      | Found an ornate altar of the Wu Jian Council.
  4073 | D:5      | Entered Level 5 of the Dungeon
  4196 | D:5      | Reached XP level 7. HP: 16/47 MP: 3/10
  4476 | D:6      | Noticed Sigmund
  4495 | D:6      | Noticed Duvessa
  4495 | D:6      | Noticed Dowan
  4518 | D:6      | Found a blossoming altar of Fedhas.
  4638 | D:5      | Reached skill level 6 in Charms
  4650 | D:5      | Found a shadowy altar of Dithmenos.
  4812 | D:5      | Found a stormy altar of Qazlal.
  4945 | D:6      | Killed Sigmund
  4945 | D:6      | Reached skill level 7 in Charms
  4999 | D:7      | Found a runed door.
  5267 | D:7      | Reached XP level 8. HP: 54/54 MP: 11/11
  5351 | D:7      | Reached skill level 8 in Charms
  5754 | D:7      | Noticed a wraith
  5768 | D:7      | Reached skill level 9 in Charms
  5784 | D:7      | Killed a wraith
  6038 | D:7      | Noticed a yak
  6059 | D:7      | Found the +7 longbow "Piercer" {penet, EV-2}
  6237 | D:7      | Killed a yak
  6238 | D:7      | Noticed a six-headed hydra
  6382 | D:7      | HP: 4/81 [six-headed hydra (7)]
  6390 | D:7      | HP: 2/81 [six-headed hydra (9)]
  6392 | D:7      | Slain by a six-headed hydra

Skill      XL: |  1  2  3  4  5  6  7  8 |
---------------+-------------------------+-----
Fighting       | 1 2 3 |  3.7
Charms         | 3 4 5 7 9 |  9.9
Dodging        | |  2.0
Stealth        | |  2.6
Spellcasting   | |  2.0
Conjurations   | |  1.0
Ice Magic      | |  3.0

Action                   |  1- 3 |  4- 6 |  7- 9 || total
-------------------------+-------+-------+-------++-------
Melee: Unarmed           |    42 |     9 |       ||    51
       Constrict         |    14 |    21 |    18 ||    53
       Tentacles         |     7 |    18 |    32 ||    57
       Short sword       |       |    73 |   186 ||   259
 Cast: Freeze            |    38 |    69 |    24 ||   131
       Ozocubu's Armour  |       |     4 |     9 ||    13
  Use: Scroll            |       |     5 |     4 ||     9
       Potion            |       |       |     6 ||     6
 Stab: Sleeping          |     7 |    10 |     4 ||    21
  Eat: Chunk             |     2 |     7 |     8 ||    17
       Ration            |       |     1 |     1 ||     2
Armor: Skin              |    13 |    18 |   159 ||   190
Dodge: Dodged            |    52 |    75 |    93 ||   220
